 Dungeon Crawl Stone Soup version 0.25-a0-578-gc91f01c39c (webtiles) character file.

Game seed: 9195377010326941216, levelgen mode: deterministic

373 inmateoo the Grave Robber (level 6, -1/35 HPs)
             Began as a Deep Elf Necromancer on Mar 7, 2020.
             Slain by an ogre
             ... wielding a +0 giant club
              (32 damage)
             ... on level 4 of the Dungeon.
             The game lasted 00:05:43 (4387 turns).

inmateoo the Grave Robber (Deep Elf Necromancer)    Turns: 4387, Time: 00:05:44

Health: -1/35      AC:  2    Str:  5    XL:     6   Next: 43%
Magic:  10/15      EV: 14    Int: 27    God:
Gold:   152        SH:  0    Dex: 15    Spells: 9/14 levels left

rFire    . . .     SeeInvis .   n - +2 trident (vorpal)
rCold    . . .     Gourm    .   (no shield)
rNeg     . . .     Faith    .   a - +0 robe
rPois    .         Spirit   .   (no helmet)
rElec    .         Reflect  .   (no cloak)
rCorr    .         Harm     .   (no gloves)
MR       .....                  (no boots)
Stlth    +++.......             (no amulet)
HPRegen  0.11/turn              l - +5 ring of intelligence
MPRegen  0.14/turn              (no ring)

@: no status effects
A: no striking features
a: no special abilities


You were on level 4 of the Dungeon.
You were not hungry.

You visited 1 branch of the dungeon, and saw 4 of its levels.

You collected 152 gold pieces.

Inventory:

Hand Weapons
 n - a +2 vorpal trident (weapon)
Missiles
 j - 15 poisoned darts (quivered)
 k - 4 javelins
Armour
 a - a +0 robe (worn)
Jewellery
 l - a +5 ring of intelligence (left hand)
 q - an uncursed ring of fire {unknown}
Wands
 p - a wand of disintegration (8)
Scrolls
 e - 3 scrolls of remove curse {unknown}
 f - a scroll of blinking {unknown}
 g - 4 scrolls of amnesia {unknown}
 h - 2 scrolls of enchant armour {unknown}
 i - 3 scrolls of teleportation {unknown}
 o - a scroll of immolation {unknown}
 r - a scroll of identify {unknown}
Potions
 b - 3 potions of might {unknown}
 m - a potion of flight {unknown}
Comestibles
 c - 5 rations


   Skills:
 + Level 2.2 Fighting
 + Level 4.3 Dodging
 + Level 4.3 Stealth
 + Level 4.8 Spellcasting
 + Level 5.9 Necromancy


You had 9 spell levels left.
You knew the following spells:

 Your Spells              Type           Power        Failure   Level  Hunger
a - Pain                  Necr           ####         1%          1    None
b - Animate Skeleton      Necr           N/A          1%          1    None
c - Vampiric Draining     Necr           #####.....   1%          3    #......

Your spell library contained the following spells:

 Spells                   Type           Power        Failure   Level  Hunger
 Animate Dead             Necr           N/A          6%          4    ###....
 Agony                    Necr           #####...     17%         5    #####..


Dungeon Overview and Level Annotations

Branches:
Dungeon (4/15)
 Temple: D:4-7

Altars:
Qazlal

Annotations:
D:4 Natasha


Message History

Aim: an ogre, wielding a +0 giant club (lightly wounded, chance to defeat MR: 84%)
The ogre writhes in agony!
Casting: Pain (safe; 1% risk of failure)
Confirm with . or Enter, or press ? or * to list all spells.
Aiming: Pain (safe; 1% risk of failure)
Press: ? - help, Shift-Dir - straight line, f/p - ogre
Aim: an ogre, wielding a +0 giant club (heavily wounded, chance to defeat MR: 84%)
The ogre writhes in agony!
Press: ? - help, v - describe, . - travel
Here: an ogre, wielding a +0 giant club (severely wounded)
The floor.
Casting: Pain (safe; 1% risk of failure)
Confirm with . or Enter, or press ? or * to list all spells.
Aiming: Pain (safe; 1% risk of failure)
Press: ? - help, Shift-Dir - straight line, f/p - ogre
Aim: an ogre, wielding a +0 giant club (severely wounded, chance to defeat MR: 84%)
The ogre writhes in agony.
The ogre hits you with a +0 giant club!!
Ouch! That really hurt!
You die...

#...#.........#
#.## ............#
#.. #.........# #.
#.........#
#######.
#.........#
#.......
#####(#####
#.#####. #(# #.# #.
#O# ###.#####.
#@#######.........
#.).....(...######
###.#####.#.# #.#
#.#^# ##.## #.#.#
########.#.###....#
........###....#...
########.#.###.....
##.# ## ###


You could see an ogre.

Vanquished Creatures
  A centaur (D:4)
  An orc wizard (D:3)
  Natasha (D:4)
  2 worker ants (D:4)
  10 adders
  4 oozes
  4 worms
  A dart slug (D:1)
  3 leopard geckos
  7 orcs (D:3)
  7 giant cockroaches
  7 goblins
  4 hobgoblins
  6 jackals
  A quokka (D:3)
  8 bats
  2 frilled lizards
  4 kobolds
  3 rats
76 creatures vanquished.

Vanquished Creatures (others)
  A jackal (D:3)
  A bat (D:3)
2 creatures vanquished.

Grand Total: 78 creatures vanquished

Notes
Turn   | Place    | Note
-------+----------+-------------------------------------------
     0 | D:1      | inmateoo the Deep Elf Necromancer began the quest for the
                  | Orb.
     0 | D:1      | Reached XP level 1. HP: 10/10 MP: 6/6
   520 | D:1      | Reached XP level 2. HP: 2/16 MP: 0/8
   821 | D:1      | Reached skill level 5 in Necromancy
  1434 | D:2      | Reached XP level 3. HP: 4/20 MP: 5/9
  1645 | D:1      | Learned a level 1 spell: Animate Skeleton
  1649 | D:1      | Learned a level 3 spell: Vampiric Draining
  1785 | D:2      | Reached skill level 1 in Fighting
  2291 | D:2      | Reached XP level 4. HP: 21/25 MP: 5/11
  2946 | D:3      | Reached XP level 5. HP: 23/29 MP: 6/13
  3193 | D:3      | Found a stormy altar of Qazlal.
  3620 | D:3      | Noticed a two-headed ogre
  3899 | D:4      | Noticed Natasha
  3906 | D:4      | Killed Natasha
  4015 | D:4      | Noticed a centaur
  4015 | D:4      | Noticed Natasha
  4029 | D:4      | Killed a centaur
  4029 | D:4      | Reached XP level 6. HP: 21/35 MP: 7/15
  4387 | D:4      | Slain by an ogre

Levels and vault maps discovered:
D:1:      dpeg_arrival_short_road, layout_basic
D:2:      layout_rooms, first_ration
D:3:      minmay_diamond_boxcup, layout_loops_ring, grunt_qazlal_clouds,
          columned_hall_lemuel, item_on_display_a
D:4:      layout_loops_ring, lemuel_round_altar, serial_shops, shop,
          uniq_crazy_yiuf_cottage, uniq_eustachio, uniq_natasha, uniq_pikel

Skill      XL: |  1  2  3  4  5 |
---------------+----------------+-----
Necromancy     | 5 |  5.9
Dodging        | 3 4 |  4.3
Stealth        | 3 4 |  4.3
Fighting       | 1 2 |  2.2
Spellcasting   | 4 |  4.8

Action                   |  1- 3 |  4- 6 || total
-------------------------+-------+-------++-------
Melee: Dagger            |    22 |     1 ||    23
       Trident           |       |    52 ||    52
Throw: Dart              |     9 |       ||     9
 Cast: Pain              |    57 |    65 ||   122
       Vampiric Draining |     4 |    11 ||    15
       Animate Skeleton  |     3 |       ||     3
 Stab: Sleeping          |     1 |     2 ||     3
  Eat: Chunk             |     4 |     7 ||    11
Armor: Robe              |     6 |    15 ||    21
Dodge: Dodged            |    29 |    69 ||    98

Table legend:
 A = Non-vault XP
 B = Vault XP
 C = Vault XP percentage of total XP
 D = Non-vault monster count
 E = Vault monster count
 F = Vault count percentage of total count
                 A         B        C        D         E       F
            +---------+---------+-------+---------+---------+-------
      Total |     493 |      41 |   7.7 |      72 |       4 |   5.3
            +---------+---------+-------+---------+---------+-------
        D:1 |      35 |       0 |   0.0 |      17 |       0 |   0.0
        D:2 |     106 |       0 |   0.0 |      19 |       0 |   0.0
        D:3 |     112 |       5 |   4.3 |      20 |       3 |  13.0
        D:4 |     240 |      36 |  13.0 |      16 |       1 |   5.9
            +---------+---------+-------+---------+---------+-------
